AoeStats
← diekaiserwurst

Four Lakes

510086228Analyzed
1v1 RM · 2d ago on Sep 29, 2026· 58m 59s· 2 players
Game mode
Random Map
Map size
Tiny (2 player)
Population
200
Speed
Normal
Resources
Standard
Victory
Conquest
Starting age
Dark Age
Ending age
Imperial Age
RankedLock teamsTeams togetherTeam positionsShared explorationLock speedFull tech treeHidden civsTurbo modeCheats
Victory
Defeat
🇧🇪 Saxons · Belgium
1220
+15
🇦🇹 Persians · Austria
1189
-15
Gaudeamus
8:00 Loom
10:22 Feudal Age
13:45 Double-Bit Axe
15:17 Horse Collar
23:05 Castle Age
21:12 Scale Mail Armor
21:23 Forging
24:22 Squires
24:08 Gambesons
24:09 Arson
24:42 Chain Mail Armor
24:46 Bow Saw
25:53 Wheelbarrow
25:04 Town Watch
26:39 Iron Casting
27:48 Heavy Plow
34:04 Imperial Age
31:46 Masonry
31:00 Pikeman
33:25 Fletching
34:27 Elite Varangian Guard
35:41 Plate Mail Armor
35:48 Hand Cart
35:33 Town Patrol
36:51 Block Printing
36:34 Clerical Recruitment
37:34 Conscription
38:20 Bodkin Arrow
39:45 Crossbowman
40:32 Thumb Ring
43:03 Redemption
43:23 Illumination
42:41 Arbalester
44:41 Bracer
44:43 Padded Archer Armor
48:08 Chemistry
48:56 Shield Wall
56:23 Siege Engineers
57:23 Two-Man Saw
58:46 Ballistics
diekaiserwurst
7:40 Loom
10:10 Feudal Age
11:39 Double-Bit Axe
22:22 Castle Age
20:54 Gold Mining
23:56 Wheelbarrow
23:34 Bow Saw
24:16 Bloodlines
28:19 Imperial Age
27:16 Man-at-Arms
29:56 Hand Cart
32:35 Chemistry
32:32 Gold Shaft Mining
35:15 Horse Collar
37:34 Padded Archer Armor
39:49 Leather Archer Armor
41:14 Conscription
41:52 Bloodlines
41:03 Light Cavalry
42:57 Citadels
43:23 Hoardings
44:44 Fletching
44:57 Murder Holes
47:24 Bodkin Arrow
48:56 Cavalier
50:54 Scale Barding Armor
50:31 Elite Skirmisher
54:28 Chain Barding Armor
57:12 Savar
Connection lost

Rejoining the realm…

Still unreachable

The connection could not be restored.

Session expired

The server has moved on; the page needs a fresh start.